SAAA
PORT HURON BLITZKRIEG @ PAWNEE PARKSNREC
07/05/2042
 
TOP OF THE 1ST
Port Huron Blitzkrieg batting - Pitching for Pawnee ParksNRec : RHP Yaroslav Red'kin
Pitching: RHP Yaroslav Red'kin
Batting: RHB Ricardo Mireles 0-0: Called Strike
0-1: Ball
1-1: Ball
2-1: Called Strike
2-2: Strikes out swinging
Batting: RHB John Ryan 0-0: Ball
1-0: Ball
2-0: Called Strike
2-1: Foul Ball, location: 2F
2-2: Ball
3-2: Base on Balls
Batting: RHB John Wilkerson 0-0: Swinging Strike
0-1: Foul Ball, location: 2F
0-2: Ball
John Ryan is caught stealing 2nd base 2-4
1-2: Strikes out swinging
Top of the 1st over - 0 runs, 0 hits, 0 errors, 0 left on base; Port Huron 0 - Pawnee 0
BOTTOM OF THE 1ST
Pawnee ParksNRec batting - Pitching for Port Huron Blitzkrieg : RHP Martin Luther
Pitching: RHP Martin Luther
Batting: RHB Hiroshige Ohashi 0-0: Swinging Strike
0-1: Ball
1-1: Ball
2-1: Called Strike
2-2: Fly out, F8 (Flyball, 8RD, EV 98.1 MPH)
Batting: RHB Charles Atkinson 0-0: Called Strike
0-1: Ball
1-1: Called Strike
1-2: Ball
2-2: Ball
3-2: SINGLE (Groundball, 3L, EV 96.2 MPH) (infield hit)
Batting: RHB Josh Mawdesley 0-0: Called Strike
0-1: Ball
Charles Atkinson is caught stealing 2nd base 2-4
1-1: Ball
2-1: Ball
3-1: Called Strike
3-2: Foul Ball, location: 2F
3-2: Ground out 6-3 (Groundball, 6, EV 79.4 MPH)
Bottom of the 1st over - 0 runs, 1 hit, 0 errors, 0 left on base; Port Huron 0 - Pawnee 0
TOP OF THE 2ND
Port Huron Blitzkrieg batting - Pitching for Pawnee ParksNRec : RHP Yaroslav Red'kin
Batting: SHB Marços Mansilha 0-0: Ball
1-0: Ball
2-0: Ball
3-0: Base on Balls
Batting: RHB Jeff Reed 0-0: Ball
1-0: Swinging Strike
1-1: Called Strike
1-2: Ball
2-2: Ball
3-2: Strikes out swinging
Batting: LHB Steve Washington 0-0: Ball
1-0: Foul Ball, location: 2F
1-1: Foul Ball, location: 2F
1-2: Ball
2-2: Ball
3-2: Base on Balls
Marços Mansilha to second
Batting: RHB John Willoughby 0-0: Ball
1-0: Ball
2-0: Foul Ball, location: 2F
2-1: Foul Ball, location: 2F
2-2: Ball
3-2: Base on Balls
Marços Mansilha to third
Steve Washington to second
Batting: SHB Ben Boston 0-0: Fly out, F1 (Line Drive, P, EV 69.4 MPH)
Batting: RHB Jesús Amengual 0-0: Called Strike
0-1: Foul Ball, location: 2F
0-2: Strikes out looking
Top of the 2nd over - 0 runs, 0 hits, 0 errors, 3 left on base; Port Huron 0 - Pawnee 0
BOTTOM OF THE 2ND
Pawnee ParksNRec batting - Pitching for Port Huron Blitzkrieg : RHP Martin Luther
Batting: LHB Won-shik Yi 0-0: Swinging Strike
0-1: Foul Ball, location: 2F
0-2: Fly out, F5 (Popup, 56, EV 62.5 MPH)
Batting: RHB Elmer Kent 0-0: Ball
1-0: Fly out, F8 (Flyball, 8RM, EV 91.2 MPH)
Batting: RHB Bartolo Álvarez 0-0: Ground out 5-3 (Groundball, 5S, EV 81.2 MPH)
Bottom of the 2nd over - 0 runs, 0 hits, 0 errors, 0 left on base; Port Huron 0 - Pawnee 0
TOP OF THE 3RD
Port Huron Blitzkrieg batting - Pitching for Pawnee ParksNRec : RHP Yaroslav Red'kin
Batting: RHB Ricardo Mireles 0-0: Ball
1-0: Ball
2-0: Foul Ball, location: 2F
2-1: Called Strike
2-2: Foul Ball, location: 2F
2-2: DOUBLE (Flyball, 8LXD, EV 90.0 MPH)
Batting: RHB John Ryan 0-0: Swinging Strike
0-1: Ball
1-1: Foul Ball, location: 2F
1-2: Strikes out swinging
Batting: RHB John Wilkerson 0-0: Ball
Ricardo Mireles is caught stealing 3rd base 2-5
1-0: Ball
2-0: Called Strike
2-1: Foul Ball, location: 2F
2-2: DOUBLE (Line Drive, 9LD, EV 110.6 MPH)
Batting: SHB Marços Mansilha 0-0: Foul Ball, location: 2F
0-1: Ball
1-1: Fly out, F8 (Line Drive, 8RM, EV 88.8 MPH)
Top of the 3rd over - 0 runs, 2 hits, 0 errors, 1 left on base; Port Huron 0 - Pawnee 0
BOTTOM OF THE 3RD
Pawnee ParksNRec batting - Pitching for Port Huron Blitzkrieg : RHP Martin Luther
Batting: RHB Ashton Bailey 0-0: Called Strike
0-1: Swinging Strike
0-2: Foul Ball, location: 2F
0-2: SINGLE (Groundball, 6MD, EV 106.2 MPH)
Batting: RHB Terry Boyle 0-0: Ball
1-0: Called Strike
1-1: Ball
2-1: SINGLE (Flyball, 7S, EV 92.5 MPH)
Ashton Bailey to second
Batting: RHB Henry Kent 0-0: Called Strike
0-1: Ball
1-1: Called Strike
1-2: Foul Ball, location: 2F
1-2: Ball
Wild Pitch!
Ashton Bailey to third
Terry Boyle to second
2-2: Strikes out swinging
Batting: RHB Hiroshige Ohashi 0-0: Ball
1-0: Called Strike
1-1: Ball
2-1: DOUBLE (Line Drive, 89D, EV 111.9 MPH)
Ashton Bailey scores
Terry Boyle scores
Batting: RHB Charles Atkinson 0-0: Called Strike
0-1: Swinging Strike
0-2: Ball
1-2: Foul Ball, location: 2F
1-2: Ball
2-2: Foul Ball, location: 2F
2-2: Foul Ball, location: 2F
2-2: Ball
3-2: Foul Ball, location: 2F
3-2: Foul Ball, location: 2F
3-2: SINGLE (Line Drive, 78M, EV 106.2 MPH)
Hiroshige Ohashi to third
Batting: RHB Josh Mawdesley 0-0: Ball
1-0: SINGLE (Groundball, 6D, EV 110.0 MPH)
Hiroshige Ohashi scores
Charles Atkinson to second
Batting: LHB Won-shik Yi 0-0: Foul Ball, location: 2F
0-1: SINGLE (Line Drive, 6D, EV 93.8 MPH)
Charles Atkinson to third
Josh Mawdesley to second
Runner from 3rd tries for Home, SAFE, no throw by CF
Batting: RHB Elmer Kent 0-0: Ball
1-0: Called Strike
1-1: Called Strike
1-2: Foul Ball, location: 2F
1-2: Ball
2-2: Strikes out swinging
Batting: RHB Bartolo Álvarez 0-0: Ball
1-0: Swinging Strike
1-1: Ball
2-1: Ball
3-1: Fly out, F9 (Line Drive, 9D, EV 108.1 MPH)
Bottom of the 3rd over - 4 runs, 6 hits, 0 errors, 2 left on base; Port Huron 0 - Pawnee 4
TOP OF THE 4TH
Port Huron Blitzkrieg batting - Pitching for Pawnee ParksNRec : RHP Yaroslav Red'kin
Batting: RHB Jeff Reed 0-0: Ball
1-0: Foul Ball, location: 2F
1-1: Ball
2-1: Ball
3-1: Called Strike
3-2: Base on Balls
Batting: LHB Steve Washington 0-0: Called Strike
0-1: Fly out, F2 (Popup, 25F, EV 93.1 MPH)
Batting: RHB John Willoughby 0-0: Ball
1-0: Ball
2-0: Grounds into double play, 5-4-3 (Groundball, 56S, EV 89.4 MPH)
Top of the 4th over - 0 runs, 0 hits, 0 errors, 0 left on base; Port Huron 0 - Pawnee 4
BOTTOM OF THE 4TH
Pawnee ParksNRec batting - Pitching for Port Huron Blitzkrieg : RHP Martin Luther
Batting: RHB Ashton Bailey 0-0: Called Strike
0-1: Foul Ball, location: 2F
0-2: Ball
1-2: Strikes out swinging
Batting: RHB Terry Boyle 0-0: Foul Ball, location: 2F
0-1: Ball
1-1: Ground out 6-3 (Groundball, 6, EV 85.6 MPH)
Batting: RHB Henry Kent 0-0: Called Strike
0-1: TRIPLE (Flyball, 89XD, EV 113.1 MPH)
Batting: RHB Hiroshige Ohashi 0-0: SINGLE (Groundball, 4D, EV 100.6 MPH)
Henry Kent scores
Batting: RHB Charles Atkinson 0-0: Foul Ball, location: 2F
0-1: Called Strike
Hiroshige Ohashi steals 2nd base
0-2: Foul Ball, location: 2F
0-2: Ball
1-2: Fly out, F2 (Popup, 23F, EV 81.9 MPH)
Bottom of the 4th over - 1 run, 2 hits, 0 errors, 1 left on base; Port Huron 0 - Pawnee 5
TOP OF THE 5TH
Port Huron Blitzkrieg batting - Pitching for Pawnee ParksNRec : RHP Yaroslav Red'kin
Batting: SHB Ben Boston 0-0: Called Strike
0-1: Foul Ball, location: 2F
0-2: Ball
1-2: Ball
2-2: Ball
3-2: Base on Balls
Batting: RHB Jesús Amengual 0-0: Foul Ball, location: 2F
0-1: Ball
1-1: 2-RUN HOME RUN (Flyball, 7D, EV 94.4 MPH), Distance : 373 ft
Batting: RHB Ricardo Mireles 0-0: Foul Ball, location: 2F
0-1: Ball
1-1: Fly out, F7 (Flyball, 7S, EV 79.4 MPH)
Batting: RHB John Ryan 0-0: Ball
1-0: Swinging Strike
1-1: Called Strike
1-2: Fly out, F9 (Flyball, 9S, EV 95.0 MPH)
Batting: RHB John Wilkerson 0-0: Called Strike
0-1: Ball
1-1: Ball
2-1: Ball
3-1: Base on Balls
Pitching: RHP Ronald Wolfe
Batting: SHB Marços Mansilha 0-0: Ball
John Wilkerson is caught stealing 2nd base 2-6
Top of the 5th over - 2 runs, 1 hit, 0 errors, 0 left on base; Port Huron 2 - Pawnee 5
BOTTOM OF THE 5TH
Pawnee ParksNRec batting - Pitching for Port Huron Blitzkrieg : RHP Martin Luther
Batting: RHB Josh Mawdesley 0-0: Ball
1-0: Called Strike
1-1: Ball
2-1: Ball
3-1: Base on Balls
Batting: LHB Won-shik Yi 0-0: Ball
1-0: Ball
2-0: Called Strike
2-1: SINGLE (Line Drive, 89M, EV 91.9 MPH)
Josh Mawdesley to second
Batting: RHB Elmer Kent 0-0: Called Strike
0-1: Swinging Strike
0-2: Ball
1-2: Foul Ball, location: 2F
1-2: Strikes out swinging
Batting: RHB Bartolo Álvarez 0-0: Ball
1-0: Fly out, F7 (Flyball, 78S, EV 73.1 MPH)
Batting: RHB Ashton Bailey 0-0: Called Strike
0-1: Swinging Strike
0-2: Strikes out swinging
Bottom of the 5th over - 0 runs, 1 hit, 0 errors, 2 left on base; Port Huron 2 - Pawnee 5
TOP OF THE 6TH
Port Huron Blitzkrieg batting - Pitching for Pawnee ParksNRec : RHP Ronald Wolfe
Batting: SHB Marços Mansilha 0-0: Ground out 6-3 (Groundball, 6, EV 101.2 MPH)
Batting: RHB Jeff Reed 0-0: Ball
1-0: SOLO HOME RUN (Flyball, 9LD, EV 105.6 MPH), Distance : 353 ft
Batting: LHB Steve Washington 0-0: Ball
1-0: Swinging Strike
1-1: Ball
2-1: Swinging Strike
2-2: Fly out, F9 (Flyball, 89S, EV 84.4 MPH)
Batting: RHB John Willoughby 0-0: Swinging Strike
0-1: Ball
1-1: Ball
2-1: Reached on error, E6 (Groundball, 6, EV 103.8 MPH)
Batting: SHB Ben Boston 0-0: Ball
1-0: Ball
2-0: Ball
3-0: Base on Balls
John Willoughby to second
Batting: RHB Jesús Amengual 0-0: Ball
1-0: Called Strike
1-1: Foul Ball, location: 2F
1-2: Strikes out swinging
Top of the 6th over - 1 run, 1 hit, 1 error, 2 left on base; Port Huron 3 - Pawnee 5
BOTTOM OF THE 6TH
Pawnee ParksNRec batting - Pitching for Port Huron Blitzkrieg : RHP Martin Luther
Batting: RHB Terry Boyle 0-0: Foul Ball, location: 2F
0-1: Fly out, F8 (Flyball, 8LD, EV 85.6 MPH)
Batting: RHB Henry Kent 0-0: Ball
1-0: Ball
2-0: Foul Ball, location: 2F
2-1: Swinging Strike
2-2: Fly out, F8 (Line Drive, 8RM, EV 90.6 MPH)
Batting: RHB Hiroshige Ohashi 0-0: Called Strike
0-1: Ball
1-1: Ball
2-1: Ground out 5-3 (Groundball, 56S, EV 72.5 MPH)
Bottom of the 6th over - 0 runs, 0 hits, 0 errors, 0 left on base; Port Huron 3 - Pawnee 5
TOP OF THE 7TH
Port Huron Blitzkrieg batting - Pitching for Pawnee ParksNRec : RHP Ronald Wolfe
Batting: RHB Ricardo Mireles 0-0: Called Strike
0-1: Ball
1-1: SINGLE (Groundball, 6, EV 104.4 MPH) (infield hit)
Batting: RHB John Ryan 0-0: Called Strike
0-1: Ball
1-1: Foul Ball, location: 2F
1-2: Ball
2-2: Ball
3-2: Strikes out swinging
Ricardo Mireles steals 2nd base
Batter strikes out.
Pitching: LHP Jung-ho Yi
Batting: RHB John Wilkerson 0-0: Called Strike
0-1: Ball
1-1: Foul Ball, location: 2F
1-2: Foul Ball, location: 2F
1-2: Ball
2-2: Ball
3-2: Foul Ball, location: 2F
3-2: Base on Balls
Batting: SHB Marços Mansilha 0-0: Ball
1-0: Called Strike
1-1: Ball
2-1: SINGLE (Line Drive, 4MD, EV 101.2 MPH)
Ricardo Mireles to third
John Wilkerson to second
Batting: RHB Jeff Reed 0-0: Ball
1-0: Foul Ball, location: 2F
1-1: Grounds into fielders choice 6-2 (Groundball, 6, EV 90.0 MPH)
John Wilkerson to third
Marços Mansilha to second
Batting: LHB Steve Washington 0-0: Foul Ball, location: 2F
0-1: Swinging Strike
0-2: Fly out, F8 (Line Drive, 8LM, EV 101.2 MPH)
Top of the 7th over - 0 runs, 2 hits, 0 errors, 3 left on base; Port Huron 3 - Pawnee 5
BOTTOM OF THE 7TH
Pawnee ParksNRec batting - Pitching for Port Huron Blitzkrieg : RHP Martin Luther
Pitching: LHP Doug Lane
Batting: RHB Charles Atkinson 0-0: Ball
1-0: Reached on error, E6 (Popup, 15S, EV 90.6 MPH)
Batting: RHB Josh Mawdesley 0-0: Ball
1-0: Swinging Strike
1-1: Ball
2-1: Swinging Strike
2-2: Foul Ball, location: 2F
2-2: Foul Ball, location: 2F
2-2: SINGLE (Groundball, 4S, EV 81.9 MPH) (infield hit)
Charles Atkinson to second
Batting: LHB Won-shik Yi 0-0: Ball
1-0: Called Strike
1-1: Foul Ball, location: 2F
1-2: Ball
2-2: Foul Ball, location: 2F
2-2: Fielders Choice at 2nd, 1-6 (Groundball, 13, EV 78.8 MPH)
Charles Atkinson to third
Batting: RHB Elmer Kent 0-0: Called Strike
0-1: SINGLE (Groundball, 56, EV 84.4 MPH) (infield hit)
Charles Atkinson scores
Won-shik Yi to second
Batting: RHB Bartolo Álvarez 0-0: Ball
1-0: Called Strike
1-1: Foul Ball, location: 2F
1-2: Ball
2-2: SINGLE (Line Drive, 6M, EV 100.6 MPH)
Won-shik Yi to third
Elmer Kent to second
Runner from 3rd tries for Home, SAFE, throw by CF to home
Batting: RHB Ashton Bailey 0-0: Foul Ball, location: 2F
0-1: Ball
1-1: Fly out, F9 (Flyball, 89XD, EV 108.1 MPH)
Batting: RHB Terry Boyle 0-0: Ball
1-0: Called Strike
1-1: Ball
2-1: Ball
3-1: Fly out, F9 (Flyball, 9S, EV 83.1 MPH)
Bottom of the 7th over - 2 runs, 3 hits, 1 error, 2 left on base; Port Huron 3 - Pawnee 7
TOP OF THE 8TH
Port Huron Blitzkrieg batting - Pitching for Pawnee ParksNRec : LHP Jung-ho Yi
Batting: RHB John Willoughby 0-0: Called Strike
0-1: Ball
1-1: Ball
2-1: Swinging Strike
2-2: Strikes out swinging, 2-3 out at first.
Batting: SHB Ben Boston 0-0: Called Strike
0-1: Foul Ball, location: 2F
0-2: Ball
1-2: Foul Ball, location: 2F
1-2: Foul Ball, location: 2F
1-2: Foul Ball, location: 2F
1-2: Foul Ball, location: 2F
1-2: Foul Ball, location: 2F
1-2: Ball
2-2: Hit by Pitch
Pitching: RHP Cédric Dupré
Batting: RHB Jesús Amengual 0-0: Ball
1-0: Swinging Strike
1-1: Foul Ball, location: 2F
1-2: Foul Ball, location: 2F
1-2: Ball
2-2: Ball
3-2: Base on Balls
Ben Boston to second
Batting: RHB Ricardo Mireles 0-0: Ball
1-0: Ball
2-0: Called Strike
2-1: Swinging Strike
2-2: Strikes out swinging
Batting: RHB John Ryan 0-0: Called Strike
0-1: Foul Ball, location: 2F
0-2: Ball
1-2: Strikes out swinging
Top of the 8th over - 0 runs, 0 hits, 0 errors, 2 left on base; Port Huron 3 - Pawnee 7
BOTTOM OF THE 8TH
Pawnee ParksNRec batting - Pitching for Port Huron Blitzkrieg : LHP Doug Lane
Batting: RHB Henry Kent 0-0: SINGLE (Line Drive, 4MD, EV 95.6 MPH)
Batting: RHB Hiroshige Ohashi 0-0: Ball
1-0: Sac Bunt to 2L - play at first, batter OUT! 2-4
Henry Kent to second
Batting: RHB Charles Atkinson 0-0: Foul Ball, location: 2F
0-1: Ball
1-1: Called Strike
1-2: Ground out 6-3 (Groundball, 56, EV 91.2 MPH)
Batting: RHB Josh Mawdesley 0-0: Called Strike
0-1: Called Strike
0-2: Strikes out looking
Bottom of the 8th over - 0 runs, 1 hit, 0 errors, 1 left on base; Port Huron 3 - Pawnee 7
TOP OF THE 9TH
Port Huron Blitzkrieg batting - Pitching for Pawnee ParksNRec : RHP Cédric Dupré
Batting: RHB John Wilkerson 0-0: Called Strike
0-1: Ball
1-1: Ball
2-1: Swinging Strike
2-2: Foul Ball, location: 2F
2-2: Strikes out swinging
Batting: SHB Marços Mansilha 0-0: Called Strike
0-1: Called Strike
0-2: Ground out 6-3 (Groundball, 56, EV 78.8 MPH)
Batting: RHB Jeff Reed 0-0: Foul Ball, location: 2F
0-1: Fly out, F7 (Flyball, 78M, EV 87.5 MPH)
Top of the 9th over - 0 runs, 0 hits, 0 errors, 0 left on base; Port Huron 3 - Pawnee 7
Friday, March 26th, 2021 - OOTP Baseball 20.8 Build 74